Map: Pillars of Gold LE

Players

Nina - Winner!

  • Race: Protoss Protoss
  • League: Grandmaster
  • Spawn Location: 1:00

Semper

  • Race: Protoss Protoss
  • Spawn Location: 7:00

Event: DreamHack SC2 Masters 2020 Summer North America

VOD

Have the link to the VOD?

Description

Time

  • Played on: July 4, 2020, 5:38 p.m.
  • Length: 22:06

All games in this series

Show
View Real Time Build Order
Export as new Build Order

Nina Protoss - Winner!

Build Orders: Oracle Opening 

Get SALT Encoding   

  12  0:00  Probe  
  13  0:12  Probe  
  14  0:18  Pylon  
  14  0:24  Probe  
  15  0:32  Probe  
  15  0:38  Gateway  
  15  0:40  Probe  
  16  0:48  Assimilator  
  17  0:51  Probe  
  17  0:56  Assimilator  
  18  1:00  Probe  
  19  1:08  Probe  
  19  1:10  Gateway  
  19  1:18  Probe  
  21  1:26  Cybernetics Core  
  21  1:30  Probe  
  22  1:38  Pylon  
  22  1:42  Probe  
  23  1:59  Adept  
  23  2:00  Nexus  
  23  2:03  Probe  
  24  2:12  Warp Gate  
  26  2:15  Probe  
  27  2:26  Stargate  
  27  2:28  Probe  
  28  2:36  Pylon  
  28  2:41  Probe  
  29  2:44  Stalker  
  31  2:54  Probe  
  31  2:57  Gateway  
  32  3:06  Probe  
  32  3:08  Oracle  
  36  3:18  Probe  
  36  3:19  Probe  
  38  3:28  Robotics Facility  
  38  3:30  Probe  
  38  3:34  Pylon  
  39  3:37  Probe  
  40  3:42  Probe  
  40  3:45  Oracle  
  41  3:49  Probe  
  41  3:54  Probe  
  46  3:56  Shield Battery  
  46  4:00  Stalker  
  46  4:02  Probe  
  49  4:07  Stalker  
  51  4:10  Probe  
  51  4:13  Assimilator  
  51  4:16  Probe  
  53  4:22  Shield Battery  
  53  4:23  Stalker  
  55  4:27  Probe  
  55  4:28  Observer, Probe  
  57  4:31  Gateway  
  58  4:40  Stalker, Probe  
  58  4:41  Probe  
  58  4:49  Probe  
  58  4:52  Probe  
  59  4:54  Stalker  
  59  4:59  Pylon  
  62  5:05  Probe  
  60  5:11  Probe  
  58  5:15  Twilight Council  
  58  5:17  Stalker  
  58  5:18  Stalker, Forge  
  62  5:24  Assimilator  
  62  5:29  Gateway  
  62  5:30  Stalker  
  62  5:33  Probe  
  65  5:36  Pylon  
  65  5:39  Probe  
  65  5:41  Blink, Probe  
  64  5:48  Stalker  
  64  5:49  Protoss Ground Weapons Level 1, Pylon  
  67  5:51  Probe  
  68  6:01  Probe  
  69  6:09  Stalker  
  69  6:10  Stalker  
  72  6:23  Nexus  
  72  6:24  Probe  
  73  6:29  Probe  
  74  6:33  Templar Archives  
  74  6:37  Probe  
  75  6:40  Stalker  
  75  6:42  Probe  
  77  6:49  Probe  
  77  6:51  Pylon  
  79  6:54  Stalker, Probe  
  79  6:55  Stalker  
  79  7:00  Gateway  
  83  7:07  Gateway  
  83  7:11  Gateway  
  83  7:18  Stalker x2  
  87  7:23  Photon Cannon  
  87  7:26  Stalker  
  88  7:33  Pylon  
  88  7:37  Shield Battery  
  88  7:42  Stalker x2  
  88  7:43  Probe  
  93  7:45  Probe  
  93  7:47  Probe  
  95  7:53  Stalker  
  95  7:54  Stalker  
  95  7:55  Probe  
  100  8:00  Photon Cannon  
  100  8:05  Charge  
  100  8:07  Probe x3  
  103  8:19  Probe x2  
  101  8:24  Probe  
  101  8:26  Stalker x3  
  106  8:31  Probe x2  
  108  8:40  Protoss Ground Weapons Level 2  
  108  8:41  Pylon  
  108  8:43  Pylon  
  108  8:44  Gateway  
  108  8:48  Assimilator x2  
  108  8:49  Observer  
  108  8:51  High Templar x4  
  108  8:55  Archon x2  
  116  9:00  Photon Cannon  
  117  9:04  Gateway x2  
  117  9:08  Zealot x2  
  121  9:13  Robotics Bay  
  115  9:26  Zealot x5  
  115  9:30  High Templar x2  
  129  9:34  Archon  
  129  9:38  Robotics Facility  
  129  9:39  Photon Cannon  
  129  9:47  Probe  
  129  9:48  Pylon  
  129  9:49  Pylon  
  129  9:51  Pylon  
  130  9:54  Disruptor  
  131  10:07  Photon Cannon  
  131  10:10  Nexus  
  131  10:11  Pylon  
  131  10:19  Pylon  
  131  10:26  Zealot  
  131  10:27  Disruptor  
  133  10:29  Disruptor  
  139  10:41  Stalker x3  
  141  10:44  Zealot x3  
  141  10:47  Zealot x2  
  151  10:52  High Templar  
  151  10:53  High Templar  
  149  10:57  Archon  
  149  11:02  Disruptor  
  152  11:04  Disruptor, Pylon  
  152  11:06  Photon Cannon  
  152  11:09  High Templar x2  
  152  11:10  Zealot x2  
  163  11:13  Archon  
  163  11:21  Photon Cannon, Probe x2  
  165  11:25  High Templar  
  165  11:26  High Templar  
  165  11:30  Archon  
  169  11:34  Photon Cannon, Disruptor  
  169  11:35  Pylon  
  169  11:36  Pylon  
  169  11:38  Robotics Facility  
  169  11:45  Photon Cannon  
  172  11:52  Zealot  
  172  11:53  Assimilator  
  173  11:54  Photon Cannon  
  173  11:55  Assimilator  
  173  12:00  Disruptor, Shield Battery  
  176  12:06  Disruptor  
  142  12:24  Colossus  
  142  12:26  High Templar x2, Zealot x2  
  142  12:27  Zealot x4  
  158  12:30  Archon  
  164  12:37  Warp Prism  
  166  12:49  High Templar x2  
  170  12:51  Photon Cannon, Protoss Ground Weapons Level 3  
  170  12:54  Zealot x2  
  170  12:55  Zealot x3  
  178  13:00  Probe  
  178  13:02  Observer  
  178  13:03  Photon Cannon  
  178  13:04  High Templar  
  182  13:07  Colossus  
  182  13:11  Colossus, Archon  
  181  13:21  High Templar  
  181  13:26  Archon  
  188  13:32  Photon Cannon  
  194  13:41  Photon Cannon  
  193  13:43  Extended Thermal Lance, Dark Shrine  
  181  14:37  Disruptor x2  
  177  14:44  Zealot x3  
  177  14:45  Zealot x7  
  185  14:46  Disruptor  
  188  14:56  Probe x2  
  186  15:00  Shadow Stride  
  186  15:04  High Templar  
  186  15:05  High Templar x4  
  186  15:06  High Templar  
  190  15:07  Dark Templar x2  
  190  15:08  Archon  
  190  15:09  Disruptor, Archon x2  
  190  15:11  Archon  
  190  15:13  Warp Prism  
  195  15:15  Probe x3  
  195  15:17  Photon Cannon  
  195  15:19  Nexus  
  192  15:26  Pylon  
  192  15:35  Pylon  
  182  16:02  Colossus  
  182  16:03  Colossus  
  177  16:07  High Templar x3  
  177  16:08  High Templar  
  177  16:10  Photon Cannon  
  182  16:12  Archon  
  182  16:13  Archon  
  182  16:14  Photon Cannon  
  182  16:16  Photon Cannon  
  182  16:20  Photon Cannon  
  182  16:21  Photon Cannon  
  182  16:24  High Templar  
  182  16:25  High Templar  
  186  16:26  Zealot  
  186  16:27  Zealot x3  
  186  16:28  Archon  
  186  16:31  Disruptor  
  197  16:36  Protoss Shields Level 1  
  191  16:49  Zealot x3  
  191  16:50  Zealot  
  147  17:05  Zealot  
  147  17:06  Zealot x5  
  147  17:08  Disruptor x2  
  161  17:10  Zealot x3  
  167  17:25  Zealot  
  167  17:26  Disruptor, Zealot x3  
  170  17:31  High Templar  
  170  17:32  High Templar, Zealot  
  170  17:33  Zealot  
  170  17:36  Archon  
  174  17:41  Shield Battery  
  174  17:42  Zealot  
  174  17:43  Disruptor  
  179  17:45  Probe  
  179  17:46  Pylon  
  179  17:47  Assimilator  
  180  17:51  Assimilator  
  180  18:11  Stalker x7  
  180  18:12  Stalker x3  
  194  18:36  Dark Templar x2  
  194  18:38  Zealot  
  194  18:40  Archon  
  200  19:02  Disruptor x2  
  173  19:03  Disruptor  
  176  19:12  Stalker  
  176  19:13  Stalker x8  
  176  19:16  Stalker  
  194  19:38  Disruptor  
  194  19:40  Disruptor  
  194  19:42  Disruptor  
  200  19:48  Gateway  
  200  19:49  Observer  
  200  19:50  Gateway  
  200  19:51  Nexus  
  200  19:52  Observer  
  199  19:59  Pylon  
  199  20:06  Pylon  
  193  20:33  Dark Templar x3  
  199  20:40  Dark Templar  
  198  20:47  Photon Cannon  
  198  20:48  Photon Cannon  
  186  20:50  Shield Battery x2  
  186  20:53  Photon Cannon  
  177  21:00  Dark Templar  
  177  21:01  Dark Templar x5  
  189  21:11  Stalker x3  
  189  21:17  Photon Cannon  
  195  21:20  Photon Cannon  
  195  21:22  Photon Cannon  
  195  21:24  Photon Cannon  
  195  21:25  Photon Cannon  
  183  21:27  Shield Battery  
  148  21:43  Zealot x4  
  148  21:44  Zealot x5  
  172  21:48  Assimilator  
  172  21:50  Assimilator  
Show
View Real Time Build Order
Export as new Build Order

Semper Protoss 

Build Orders: 1 Gate Expand, Phoenix Opening, Archon Immortal 

Get SALT Encoding   

  12  0:00  Probe  
  13  0:13  Probe  
  14  0:18  Pylon  
  14  0:24  Probe  
  15  0:32  Probe  
  15  0:40  Gateway, Probe  
  16  0:49  Assimilator  
  17  0:51  Probe  
  18  1:00  Assimilator  
  18  1:03  Probe  
  19  1:15  Probe  
  20  1:27  Probe  
  21  1:34  Nexus  
  21  1:44  Cybernetics Core  
  21  1:49  Assimilator  
  21  1:54  Probe  
  22  2:02  Pylon  
  22  2:06  Probe  
  23  2:11  Stalker  
  23  2:22  Warp Gate  
  25  2:23  Probe  
  26  2:35  Probe, Stargate  
  27  2:43  Stalker  
  29  2:47  Probe  
  29  2:48  Probe  
  31  2:59  Shield Battery  
  31  3:04  Probe  
  32  3:09  Probe  
  32  3:10  Phoenix  
  33  3:16  Shield Battery  
  33  3:17  Probe  
  33  3:19  Probe  
  35  3:25  Probe  
  36  3:29  Probe  
  36  3:31  Phoenix  
  38  3:36  Probe  
  41  3:42  Pylon  
  41  3:46  Probe  
  42  3:49  Phoenix  
  42  3:53  Probe  
  43  4:00  Probe  
  46  4:07  Phoenix, Shield Battery, Probe  
  46  4:09  Pylon  
  49  4:21  Probe  
  49  4:22  Shield Battery  
  49  4:23  Probe  
  51  4:24  Sentry  
  53  4:34  Twilight Council  
  53  4:36  Probe x2  
  55  4:40  Pylon  
  55  4:48  Probe  
  56  4:53  Stalker  
  56  4:54  Probe  
  59  5:01  Gateway x2  
  59  5:02  Probe  
  59  5:03  Probe  
  59  5:04  Robotics Facility  
  54  5:07  Blink  
  54  5:11  Probe  
  53  5:14  Probe  
  53  5:18  Assimilator  
  55  5:22  Assimilator  
  55  5:23  Forge  
  55  5:26  Probe  
  56  5:29  Probe  
  57  5:38  Probe  
  57  5:41  Probe  
  59  5:50  Probe  
  59  5:51  Sentry  
  59  5:56  Observer  
  63  5:58  Nexus  
  63  5:59  Probe  
  62  6:04  Pylon  
  62  6:06  Protoss Ground Weapons Level 1  
  62  6:07  Stalker x2  
  66  6:15  Probe x2  
  66  6:16  Immortal  
  68  6:21  Shield Battery  
  68  6:31  Gateway  
  72  6:47  Pylon  
  72  6:49  Stalker x3  
  78  6:56  Pylon  
  78  6:57  Pylon  
  78  7:05  Probe x2  
  78  7:06  Immortal  
  84  7:15  Probe  
  85  7:17  Stalker x2, Probe  
  90  7:24  Probe  
  91  7:31  Gateway  
  91  7:33  Gateway, Shield Battery  
  91  7:34  Probe x2  
  93  7:39  Probe  
  93  7:40  Charge  
  94  7:46  Probe x2  
  94  7:48  Immortal  
  94  7:50  Templar Archives  
  96  7:51  Probe  
  96  7:57  Shield Battery  
  97  8:03  Protoss Ground Weapons Level 2  
  97  8:05  Stalker x2  
  105  8:18  Stalker  
  105  8:19  Stalker  
  101  8:28  Probe x2  
  101  8:29  Immortal  
  103  8:38  Probe  
  103  8:40  Phoenix, Probe  
  103  8:41  Pylon  
  109  8:46  Stalker x4, Pylon  
  117  8:49  Pylon  
  117  8:53  Pylon  
  117  8:56  Assimilator  
  117  8:58  Photon Cannon  
  117  9:02  Photon Cannon, Warp Prism  
  117  9:10  Assimilator  
  115  9:28  High Templar  
  115  9:29  High Templar x3, Zealot  
  115  9:30  Zealot  
  127  9:36  Archon x2  
  127  9:39  Observer  
  127  9:40  Probe x3  
  127  9:41  Pylon  
  131  9:52  Gateway  
  130  9:53  Gateway  
  130  9:55  Phoenix  
  130  9:56  Phoenix, Probe x2  
  130  9:57  Gateway  
  132  10:01  Gateway  
  132  10:07  High Templar x2, Zealot  
  132  10:08  Zealot x3  
  144  10:14  Phoenix  
  144  10:18  Pylon  
  144  10:19  Archon  
  143  10:36  Protoss Ground Weapons Level 3  
  141  10:45  Zealot x6  
  149  10:52  High Templar x2, Zealot  
  149  10:53  Phoenix  
  149  10:54  Probe x2  
  149  10:56  Dark Shrine  
  149  10:59  Probe  
  146  11:05  Phoenix, Archon  
  146  11:06  Probe  
  146  11:07  Stargate  
  146  11:10  Nexus  
  147  11:12  Pylon  
  147  11:15  Pylon, Zealot  
  147  11:16  Zealot x6  
  161  11:21  Phoenix  
  163  11:27  Robotics Bay  
  163  11:33  Probe x2, Robotics Facility  
  163  11:34  Probe  
  163  11:38  Shield Battery  
  163  11:39  Photon Cannon  
  164  11:43  High Templar  
  164  11:44  High Templar  
  164  11:46  Zealot x2  
  172  11:47  Archon  
  172  11:56  Zealot x3  
  172  11:57  High Templar x2  
  172  11:59  Zealot  
  180  12:02  Archon  
  176  12:14  Phoenix x2  
  160  12:23  Colossus  
  160  12:25  Zealot x7  
  160  12:26  Extended Thermal Lance  
  174  12:32  Colossus  
  186  12:47  Shield Battery  
  186  12:56  Phoenix x2  
  184  13:00  Dark Templar  
  190  13:09  Probe x2  
  190  13:11  Assimilator  
  190  13:12  Photon Cannon  
  190  13:13  Photon Cannon  
  190  13:15  Shield Battery  
  190  13:16  Assimilator  
  186  13:23  Phoenix x2  
  186  13:24  Protoss Shields Level 1  
  186  13:25  Colossus  
  190  13:28  Nexus  
  190  13:30  Pylon  
  190  13:35  Pylon  
  196  13:47  Pylon  
  194  13:49  Pylon  
  194  13:56  Photon Cannon  
  194  13:58  Photon Cannon  
  194  13:59  Colossus, Shield Battery  
  194  14:02  Pylon  
  198  14:21  Phoenix x2  
  183  14:32  Zealot x7  
  183  14:33  Zealot  
  183  14:35  Probe  
  178  14:46  Phoenix, High Templar x2  
  184  14:53  Dark Templar x2  
  184  14:55  Colossus  
  194  15:00  Shadow Stride  
  194  15:01  Zealot x2, Robotics Facility  
  198  15:11  Probe x2  
  200  15:22  Pylon  
  200  15:26  Photon Cannon  
  200  15:28  Shield Battery, Pylon  
  200  15:34  Assimilator  
  200  15:35  Photon Cannon, Gravitic Boosters, Archon  
  198  15:37  Assimilator  
  198  15:39  Phoenix  
  200  15:56  Zealot x3  
  200  15:57  Zealot x4  
  188  16:03  Phoenix x2  
  168  16:13  Gateway, Disruptor  
  168  16:16  Pylon  
  168  16:17  Disruptor, High Templar x5  
  168  16:18  Gateway, High Templar x2  
  182  16:21  Phoenix, Pylon  
  182  16:25  Archon x3  
  190  16:36  Observer  
  180  16:49  Zealot x3  
  180  16:50  Dark Templar x3, Zealot  
  162  16:54  Zealot x3  
  162  16:58  Archon  
  150  17:04  Disruptor x2  
  150  17:07  Archon  
  156  17:11  Probe  
  156  17:12  Probe x2  
  156  17:14  Disruptor  
  156  17:15  Zealot x4  
  160  17:22  Phoenix x2  
  164  17:28  Assimilator  
  164  17:34  High Templar x2, Zealot  
  164  17:35  Zealot x3  
  180  17:38  Archon  
  178  17:49  Phoenix x2  
  176  18:08  Disruptor  
  176  18:10  Stalker x7  
  176  18:11  Stalker  
  180  18:16  Probe  
  172  18:29  Shield Battery  
  172  18:30  Shield Battery  
  172  18:32  Photon Cannon  
  172  18:33  Observer  
  172  18:36  Zealot x2  
  160  19:06  Dark Templar  
  160  19:07  Dark Templar, Zealot x7  
  160  19:08  Probe  
  177  19:28  Dark Templar  
  177  19:29  Dark Templar x2  
  181  19:43  Oracle  
  181  19:44  Dark Templar x2  
  181  19:45  Zealot x5  
  195  19:59  Stalker  
  196  20:21  Nexus  
  196  20:23  Pylon  
  196  20:27  Observer  
  178  20:32  Dark Templar x2  
  178  20:33  Dark Templar  
  162  21:01  Zealot x9  
  71  21:42  High Templar x2  
  71  21:43  High Templar x2, Zealot x8  
  92  21:47  Archon  
  92  21:48  Archon  
Tags
 
Add a new tag
Caveats
  • Supply blocks, unpowered buildings, or Contaminate may cause inaccurate times.
  • Supply counts are checked every 10 seconds.